 Dungeon Crawl Stone Soup version 0.29.1-2-gbd0b4ee654 (webtiles) character file.

Game seed: 11555108135190783688

39 GorkyZ the Caller (level 3, -2/20 HPs)
             Began as a Deep Elf Summoner on Nov 24, 2022.
             Slain by a gnoll
             ... wielding a +0 spear
              (8 damage)
             ... on level 2 of the Dungeon.
             The game lasted 00:05:40 (1720 turns).

GorkyZ the Caller (Deep Elf Summoner)               Turns: 1720, Time: 00:05:40

Health: -2/20      AC:  2    Str:  5    XL:     3   Next: 26%
Magic:  3/9        EV: 13    Int: 21    God:
Gold:   46         SH:  0    Dex: 15    Spells: 5/8 levels left

rFire   . . .      SeeInvis .   e - +0 dagger
rCold   . . .      Faith    .   (no shield)
rNeg    . . .      Spirit   .   a - +0 robe
rPois   .          Reflect  .   (no helmet)
rElec   .          Harm     .   (no cloak)
rCorr   .          Rampage  .   (no gloves)
Will    .....                   (no boots)
Stlth   ++........              (no amulet)
HPRegen 0.06/turn               (no ring)
MPRegen 0.11/turn               (no ring)

@: no status effects
A: no striking features
a: no special abilities


You were on level 2 of the Dungeon.
You visited 1 branch of the dungeon, and saw 2 of its levels.

You collected 46 gold pieces.

Inventory:

Hand Weapons
 e - a +0 dagger (weapon)
Armour
 a - a +0 robe (worn)
Scrolls
 d - a scroll of identify {unknown}
 f - 2 scrolls of teleportation {unknown}
 g - a scroll of vulnerability {unknown}
 h - a scroll of amnesia {unknown}
Potions
 b - a potion of magic
 c - a potion of degeneration {unknown}


   Skills:
 + Level 1.0 Fighting
 + Level 2.9 Dodging
 - Level 2.4 Stealth
 + Level 3.3 Spellcasting
 + Level 1.2 Hexes
 + Level 4.6 Summonings
 + Level 1.1 Necromancy


You had 5 spell levels left.
You knew the following spells:

 Your Spells              Type           Power      Damage    Failure   Level
a - Summon Small Mammal   Summ           88%        N/A       1%          1
b - Call Imp              Summ           22%        N/A       3%          2

Your spell library contained the following spells:

 Spells                   Type           Power      Damage    Failure   Level
 Call Canine Familiar     Summ           22%        N/A       6%          3
 Summon Guardian Golem    Hex/Summ       15%        N/A       12%         3
 Summon Lightning Spire   Summ/Air       13%        N/A       45%         4


Dungeon Overview and Level Annotations

Branches:
Dungeon (2/15)

Altars:

Shops:
D:1 (


Message History

The gnoll hits something with a +0 spear.
The gnoll hits something from afar with a +0 spear.
The gnoll hits something with a +0 spear!
You are too injured to fight recklessly!
You are too injured to fight recklessly!
You are too injured to fight recklessly!
You have nothing you can fire or use right now.
Casting: Summon Small Mammal (safe; 1% risk of failure)
Press: ? - help, Q - select action, (/) - cycle Dir - look around, f - activate The gnoll shouts!
Your crimson imp blinks!
Casting: Summon Small Mammal (safe; 1% risk of failure)
Press: ? - help, Q - select action, (/) - cycle Dir - look around, f - activate The gnoll misses your quokka.
Your quokka closely misses the gnoll.
Your quokka bites the gnoll.
Your quokka closely misses the gnoll.
Your crimson imp barely misses the gnoll.
Your quokka bites the gnoll.
The gnoll dies!
Your crimson imp hits the gnoll.
Your Fighting skill increases to level 1!
Your quokka barely misses the gnoll.
The gnoll hits your quokka with a +0 spear.
Your quokka bites the gnoll but does no damage.
The gnoll hits your quokka with a +0 spear.
Your quokka dies!
Your quokka's corpse disappears in a puff of smoke!
Your crimson imp hits the gnoll.
Your quokka barely misses the gnoll.
You are too injured to fight recklessly!
You have nothing you can fire or use right now.
Your quokka bites the gnoll.
You have nothing you can fire or use right now.
The gnoll misses you.
Your quokka barely misses the gnoll.
Your crimson imp blinks!
Your quokka bites the gnoll.
The gnoll hits you from afar with a +0 spear.
* * * LOW HITPOINT WARNING * * *
Your crimson imp barely misses the gnoll.
Your quokka barely misses the gnoll.
The gnoll hits you from afar with a +0 spear!
You die...

... #.# #.# #.# #.#
#.############
#.#######.##....@....#
.......)..##.#..)..5.###
#.##.###...#.#.##rg......
# #.........ยง##.###.#
#..<#.#.#......#
#......##.#.##.##..##.#
######.##..r..........#
#.####........#### #+#
#######...#


You could see a gnoll (ally target), a friendly crimson imp (summoned) and a
friendly quokka (summoned).

Vanquished Creatures
  A gnoll (D:2)
  A hobgoblin (D:1)
  A bat (D:1)
3 creatures vanquished.

Vanquished Creatures (collateral kills)
  A gnoll (D:2)
  A bat (D:1)
  3 endoplasms (D:1)
  A giant cockroach (D:1)
  A goblin (D:1)
  2 hobgoblins (D:1)
  3 jackals (D:1)
  A ball python (D:1)
  A frilled lizard (D:1)
  A kobold (D:1)
15 creatures vanquished.

Grand Total: 18 creatures vanquished

Notes
Turn   | Place    | Note
-------+----------+-------------------------------------------
     0 | D:1      | GorkyZ the Deep Elf Summoner began the quest for the Orb.
     0 | D:1      | Reached XP level 1. HP: 10/10 MP: 6/6
   416 | D:1      | Reached XP level 2. HP: 16/16 MP: 6/8
   626 | D:1      | Found a faded altar of an unknown god.
   942 | D:1      | Reached skill level 1 in Hexes
   981 | D:1      | Found Nanget's Weapon Boutique.
  1412 | D:1      | Learned a level 2 spell: Call Imp
  1424 | D:2      | Reached skill level 1 in Necromancy
  1424 | D:2      | Reached XP level 3. HP: 5/20 MP: 6/9
  1715 | D:2      | Reached skill level 1 in Fighting
  1720 | D:2      | Slain by a gnoll

Illustrated notes

Levels and vault maps discovered:
D:1:      minmay_arrival_four_houses, layout_basic,
          ebering_ecumenical_altar_abandoned, serial_shops, nicolae_shop_stone
D:2:      layout_loops_corners, basic_altar, uniq_robin, uniq_terence

Skill      XL: |  1  2  3 |
---------------+----------+-----
Hexes          | 1 |  1.2
Necromancy     | 1 |  1.1
Fighting       | 1 |  1.0
Dodging        | |  2.9
Stealth        | |  2.4
Spellcasting   | |  3.3
Summonings     | |  4.6

Action                   || total
-------------------------++-------
Melee: Dagger            ||    22
 Cast: Summon Small Mamm ||    32
       Call Imp          ||     3
 Stab: Distracted        ||     1
Armor: Robe              ||     7
Dodge: Dodged            ||    42
